[Event "*** Titled Tuesday Blitz AM"]
[Site "Chess.com"]
[Date "2020.01.07"]
[Round "7"]
[White "RubensCezila"]
[Black "INLOVEWITHF"]
[Result "1-0"]
[WhiteElo "2587"]
[BlackElo "2457"]
[TimeControl "180+2"]
[EndTime "10:34:21 PST"]
[Termination "RubensCezila won by resignation"]

1. Nf3 Nf6 2. c4 e6 3. e3 d5 4.
b3 c5 5. cxd5 exd5 6. Bb2 Nc6 7.
Bb5 Qb6 8. a4 a6 9. Bxc6+ Qxc6 10. a5 Bf5 11. Nc3 Bd3 12. Ne5 Qe6 13. Nxd3 d4 14. Na4 dxe3 15. dxe3 O-O-O 16. Qc2 Qf5 17. Naxc5 Kb8 18. Bd4 Bxc5 19. Qxc5 Qxd3 20. Qa7+ Kc8 21.
Rc1+ Kd7 22. Qxb7+ Ke8 23. Qc6+ Kf8 24. Qc4 Qxc4 25.
Rxc4 Nd5 26. Rc6 Ke8 27. O-O Nb4 28. Rb6 Nc2 29. Bxg7 Rg8 30. Bf6 Rc8 31. Rd1 Ra8 32. Rxa6 Rc8 33. Rc6 Ra8 34. Rxc2 1-0

[Event "*** Titled Tuesday Blitz AM"]
[Site "Chess.com"]
[Date "2020.01.07"]
[Round "7"]
[White "Gareth-Bale11"]
[Black "narutosmith"]
[Result "1-0"]
[WhiteElo "2704"]
[BlackElo "2248"]
[TimeControl "180+2"]
[EndTime "10:34:23 PST"]
[Termination "Gareth-Bale11 won on time"]

1. e4 c5 2. Nf3 e6 3. d4 cxd4 4. Nxd4 a6 5. Nc3 Qc7 6. Be3 Bb4 7. Qd3 Nf6 8. O-O-O Bxc3 9. bxc3 Nc6 10. Nxc6 Qxc6 11.
f3 d5 12. exd5 exd5 13. Bd4 O-O 14. Qd2 Bf5 15. h4 Nd7 16. g4 Be6 17. h5 Rac8 18.
Bd3 Nc5 19. Bxg7 Nxd3+ 20. cxd3 Kxg7 21. Qg5+ Kh8 22. Qf6+ Kg8 23. Qg5+ Kh8 24. Qf6+ Kg8 25. Kd2 Bd7 26. Qd4 Qc5 27. Qf6 Rc6 28. Qg5+ Kh8 29. Rhe1 Qxc3+ 30. Ke2 Re6+ 31. Kf2 Rfe8 32. d4 Rxe1 33.
Qf6+ Kg8 34. h6 Qe3+ 35. Kg3 Qg1+ 36. Kf4 Qh2+ 37. Kg5 1-0

[Event "*** Titled Tuesday Blitz AM"]
[Site "Chess.com"]
[Date "2020.01.07"]
[Round "7"]
[White "wannabe2700"]
[Black "Fh2411"]
[Result "1-0"]
[WhiteElo "2766"]
[BlackElo "2483"]
[TimeControl "180+2"]
[EndTime "10:34:28 PST"]
[Termination "wannabe2700 won by resignation"]

1. b3 d5 2. Bb2 c6 3. e3 Bf5 4. f4 h6 5. Nf3 Nd7 6. Bd3 e6 7.
Bxf5 exf5 8. Nd4 Qh4+ 9. g3 Qh3 10. Qf3 Ngf6 11. Nc3 Bc5 12. Nd1 Qg4 13. Qg2 Ne4 14. d3 Nd6 15. Nf2 Qg6 16. O-O-O O-O-O 17. Rhg1 h5 18. h3 Rde8 19. Rde1 f6 20. a3 Qf7 21. b4 Bb6 22. g4 fxg4 23. hxg4 hxg4 24. Qxg4 Rh7 25. Rg3 a6 26. Reg1 Re7 27. Kd2 Kc7 28.
Qg6 Qxg6 29. Rxg6 Nf8 30. R6g2 Bxd4 31. Bxd4 Ne6 32. Bb2 Nf5 33. Nh1 Nd8 34. Re1 Nf7 35.
e4 Nh4 36. Rf2 dxe4 37. Rxe4 Rxe4 38. dxe4 Nd6 39. Kd3 Rh5 40. Ng3 Rh7 41. Rh2 Rh6 42. e5 Ndf5 43. Nxf5 Nxf5 44. Rxh6 Nxh6 45. exf6 gxf6 46.
Bxf6 Kd6 47. Ke4 Ke6 48. Be5 Nf5 49. c4 b5 50. c5 Ng3+ 51. Kf3 Nf5 52. Bb2 Kd5 53.
Kg4 Ke4 54. Kg5 Ne3 55. Kf6 Nd5+ 56. Ke6 Nxf4+ 57. Kd6 Nd3 58. Bc3 Nf4 59. Kxc6 Kd3 60. Be5 Ng6 61. Bd6 Kc4 62. Kd7 Nh4 63. c6 Kb3 64. c7 1-0

[Event "*** Titled Tuesday Blitz AM"]
[Site "Chess.com"]
[Date "2020.01.07"]
[Round "7"]
[White "ChessQueen"]
[Black "Sethu0025"]
[Result "0-1"]
[WhiteElo "2661"]
[BlackElo "2802"]
[TimeControl "180+2"]
[EndTime "10:34:30 PST"]
[Termination "Sethu0025 won by resignation"]

1. e4 c5 2. c3 Nf6 3. e5 Nd5 4. d4 cxd4 5. Nf3 d6 6. cxd4 Nc6 7. Bc4 Nb6 8. Bb5 e6 9. O-O Be7 10. Nc3 O-O 11. Qe2 Bd7 12. Bd3 dxe5 13. dxe5 Nb4 14.
Bb1 Bc6 15. Rd1 Qc7 16. a3 N4d5 17. Nxd5 Bxd5 18. Ng5 g6 19. Bf4 Qc4 20. Qg4 h5 21.
Qg3 Qe2 22. Bd3 Qg4 23. Qxg4 hxg4 24. Ne4 Kg7 25. Nc3 Rfc8 26. Be3 Bc4 27. Be4 Rc7 28. Bxb6 axb6 29. Rd4 Rd8 30. Rad1 Rxd4 31. Rxd4 b5 32. Bb1 Bc5 33. Rxg4 Rd7 34. h4 Rd2 35. h5 Bxf2+ 36. Kh2 Bd4 37. hxg6 Bxe5+ 38. Kh3 f5 39. Rh4 Rxb2 0-1

[Event "*** Titled Tuesday Blitz AM"]
[Site "Chess.com"]
[Date "2020.01.07"]
[Round "7"]
[White "Borsuk_Konstantin"]
[Black "MathiasWomacka"]
[Result "1-0"]
[WhiteElo "2513"]
[BlackElo "2332"]
[TimeControl "180+2"]
[EndTime "10:34:34 PST"]
[Termination "Borsuk_Konstantin won by checkmate"]

1. d4 Nf6 2. c4 e6 3. Nc3 Bb4 4. Qc2 c5 5. dxc5 O-O 6. a3 Bxc5 7. Nf3 b6 8. Bf4 Bb7 9. e3 Nc6 10. Be2 Rc8 11. O-O Be7 12. b4 Nh5 13. Rad1 Nxf4 14.
exf4 g6 15. Qa4 a5 16. Ne5 d6 17. Bf3 Qe8 18. Nd3 axb4 19. axb4 d5 20. cxd5 Nxb4 21. Qxe8 Rfxe8 22. d6 Bxf3 23. d7 Bxd1 24. Nxb4 Bxb4 25.
Nxd1 Red8 26. dxc8=Q Rxc8 27. Ne3 Bc5 28. Rb1 Ra8 29.
Kf1 Ra2 30. Nd1 Kf8 31. g3 Ke7 32. h3 h5 33. Ne3 Kd6 34. Nc4+ Kc6 35. Ne5+ Kd5 36. Nd3 h4 37. g4 Ke4 38. Rb3 Rd2 39.
f3+ Kd4 40. Ne5 Rh2 41. Rd3# 1-0

[Event "*** Titled Tuesday Blitz AM"]
[Site "Chess.com"]
[Date "2020.01.07"]
[Round "7"]
[White "lrestevez"]
[Black "Gnechko_Ruslan"]
[Result "0-1"]
[WhiteElo "2122"]
[BlackElo "2472"]
[TimeControl "180+2"]
[EndTime "10:34:35 PST"]
[Termination "Gnechko_Ruslan won by resignation"]

1. e4 d6 2. d4 g6 3. Nc3 Bg7 4. Be3 a6 5. f3 b5 6. a4 b4 7. Nce2 Nd7 8. Ng3 h5 9. Bc4 h4 10. Nf1 Bb7 11. Nd2 c5 12. Nb3 cxd4 13. Bxd4 Ngf6 14. Nh3 Rc8 15. Bd3 O-O 16. O-O e5 17.
Be3 d5 18. exd5 Nxd5 19. Bg5 Qb6+ 20. Kh1 Ne3 21. Bxe3 Qxe3 22. Qe1 Qxe1 23. Raxe1 Nc5 24. Nxc5 Rxc5 25. Ng5 Rd8 26. b3 a5 27. Bc4 Bd5 28. Rd1 Bf6 29. Bxd5 Rcxd5 30. Rxd5 Rxd5 31. Ne4 Be7 32.
h3 f5 33. Nf2 Rd2 34. Nd3 e4 35. fxe4 fxe4 36. Nf4 Rxc2 37. Nxg6 Bd6 38. Re1 Bg3 39. Rf1 e3 40. Ne7+ Kh8 41. Nf5 e2 42. Nxg3 hxg3 43. Re1 Rd2 0-1

[Event "*** Titled Tuesday Blitz AM"]
[Site "Chess.com"]
[Date "2020.01.07"]
[Round "7"]
[White "Daxasy"]
[Black "Grieve72"]
[Result "1-0"]
[WhiteElo "2798"]
[BlackElo "2335"]
[TimeControl "180+2"]
[EndTime "10:34:36 PST"]
[Termination "Daxasy won by resignation"]

1. e4 c5 2. Nf3 e6 3. d4 cxd4 4.
Nxd4 Nc6 5. Nc3 Qc7 6. g3 a6 7. Bg2 Nf6 8. O-O Nxd4 9. Qxd4 Bc5 10. Bf4 d6 11. Qd2 h6 12. Rad1 e5 13. Be3 Bb4 14. a3 Bxc3 15. Qxc3 Qxc3 16. bxc3 Be6 17. Rxd6 Rc8 18.
Rb1 Rxc3 19. Rxb7 O-O 20. Ra7 Ng4 21. Bd2 Rxc2 22. h3 Nf6 23. Raxa6 Rb8 24. Bb4 Rc1+ 25. Kh2 Rbc8 26. Rd2 R8c2 27. Rad6 h5 28. Rxc2 Rxc2 29.
Rd2 Rc4 30. f3 h4 31. g4 Kh7 32. Bf1 Rc1 33. Kg2 Nd7 34. Rb2 Ra1 35. Bb5 Nb6 36.
Rc2 Kg6 37. Rc6 Ra2+ 38. Kg1 Ra1+ 39. Kf2 Ra2+ 40. Ke3 Nd7 41. Rxe6+ fxe6 42. Bxd7 Rh2 43. Bxe6 Rxh3 44. Bf5+ Kf6 45. g5+ Kxg5 46. Be7+ 1-0

[Event "*** Titled Tuesday Blitz AM"]
[Site "Chess.com"]
[Date "2020.01.07"]
[Round "7"]
[White "liczner"]
[Black "kleinebeer98"]
[Result "0-1"]
[WhiteElo "2808"]
[BlackElo "2698"]
[TimeControl "180+2"]
[EndTime "10:34:41 PST"]
[Termination "kleinebeer98 won on time"]

1. e4 e5 2. Nf3 Nc6 3. Bb5 f5 4. Nc3 fxe4 5. Nxe4 Nf6 6. Qe2 d5 7. Nxf6+ gxf6 8. d4 e4 9. Nh4 Qe7 10. Bf4 Be6 11.
c3 Rg8 12. g3 Bg4 13. Qd2 O-O-O 14. h3 Bd7 15. Ng2 Kb8 16. Be2 Qe6 17. Ne3 Bd6 18.
Bg4 Qe7 19. Nxd5 Qf8 20. Bxd7 Rxd7 21. Bxd6 Qxd6 22. Ne3 Ne5 23. O-O-O Nd3+ 24. Kb1 Rg5 25. d5 c6 26. c4 Qc5 27. h4 Re5 28. Rhf1 f5 29. Qc3 Qd6 30. c5 Qe7 31. d6 Qe6 32. b4 a5 33. a3 axb4 34. axb4 b6 35. Rxd3 exd3 36. cxb6 Rb5 37. Rd1 Qxd6 38. Nc4 Rxb4+ 39. Kc1 Qc5 0-1

[Event "*** Titled Tuesday Blitz AM"]
[Site "Chess.com"]
[Date "2020.01.07"]
[Round "7"]
[White "Peroncio"]
[Black "TregubovP"]
[Result "1/2-1/2"]
[WhiteElo "2752"]
[BlackElo "2619"]
[TimeControl "180+2"]
[EndTime "10:34:41 PST"]
[Termination "Game drawn - insufficient material"]

1. Nf3 c5 2. g3 Nc6 3. Bg2 e5 4. O-O d5 5. c4 d4 6. b4 cxb4 7. a3 bxa3 8. d3 a5 9. Qa4 Bd7 10. Bxa3 Bxa3 11. Qxa3 Nge7 12. Nbd2 O-O 13. Rfb1 Qc7 14.
Ne1 b6 15. c5 Rab8 16. cxb6 Rxb6 17. Rxb6 Qxb6 18. Nc4 Qb4 19. Nxa5 Qxa3 20. Rxa3 f6 21. Nxc6 Bxc6 22. Ra7 Bxg2 23. Rxe7 Bd5 24. f4 Rf7 25.
Re8+ Rf8 26. Re7 Rf7 27. Re8+ Rf8 28. Rxf8+ Kxf8 29. Kf2 Ke7 30. e4 dxe3+ 31. Kxe3 exf4+ 32. Kxf4 g5+ 33. Ke3 Ke6 34. Nc2 h5 35. Nd4+ Ke5 36.
h4 gxh4 37. gxh4 Bb7 38. Nb5 Bc6 39. Nd4 Ba8 40. Nb5 Kf5 41. Nd6+ Kg4 42. Ne8 f5 43.
Nf6+ Kxh4 44. Kf4 Bg2 45. Kxf5 Bf3 46. Kf4 Bd1 47. d4 Kh3 48. Ne4 Kg2 49. Kg5 Kf3 50. Nc5 Kg3 51. Ne4+ Kf3 52. d5 Kxe4 53. d6 Bg4 54. d7 Bxd7 55. Kxh5 1/2-1/2

[Event "*** Titled Tuesday Blitz AM"]
[Site "Chess.com"]
[Date "2020.01.07"]
[Round "7"]
[White "Gogolev_Artemy"]
[Black "TST2014"]
[Result "1-0"]
[WhiteElo "2451"]
[BlackElo "2528"]
[TimeControl "180+2"]
[EndTime "10:34:41 PST"]
[Termination "Gogolev_Artemy won on time"]

1. d4 Nf6 2. Nf3 g6 3. g3 Bg7 4. b3 O-O 5. Bb2 Ne4 6. Bg2 d5 7. O-O c5 8. Nbd2 Nc6 9. e3 Qa5 10. Nxe4 dxe4 11. Ne5 cxd4 12. Nxc6 bxc6 13. Bxd4 Rd8 14.
Qe2 Bxd4 15. exd4 Rxd4 16. Bxe4 Qe5 17. Rfe1 Bb7 18. Rad1 Rad8 19. Rxd4 Rxd4 20. Bd3 Qd6 21. Qxe7 Qd7 22. Qxd7 Rxd7 23. f4 c5 24. Kf2 Kg7 25. Re5 Rc7 26. Ke3 Kf6 27. g4 h6 28. h4 Kg7 29. g5 h5 30. f5 gxf5 31. Kf4 a5 32.
Kxf5 a4 33. bxa4 c4 34. Be4 Bc8+ 35. Kf4 Be6 36. a5 c3 37. a6 Bxa2 38. Ra5 Bb1 39.
a7 Rc4 40. a8=Q Bxc2 41. Ke3 Bxe4 42. Qxe4 Rxe4+ 43. Kxe4 c2 44. Rc5 Kg6 45. Rc6+ f6 46.
Rxf6+ Kg7 47. Rc6 1-0

[Event "*** Titled Tuesday Blitz AM"]
[Site "Chess.com"]
[Date "2020.01.07"]
[Round "7"]
[White "Vuk2000"]
[Black "Gahan-MG"]
[Result "0-1"]
[WhiteElo "2663"]
[BlackElo "2498"]
[TimeControl "180+2"]
[EndTime "10:34:43 PST"]
[Termination "Gahan-MG won by resignation"]

1. e4 Nf6 2. Nc3 d5 3. exd5 Nxd5 4. Nf3 g6 5. Bc4 Be6 6. Nxd5 Bxd5 7. Qe2 Bg7 8. O-O Nc6 9. c3 O-O 10. d4 e5 11.
Nxe5 Nxe5 12. dxe5 Bxc4 13. Qxc4 Bxe5 14. Qe4 Qd6 15.
f4 Bg7 16. Qxb7 Qc5+ 17. Kh1 Rfd8 18. f5 Qxf5 19. Bf4 Rdb8 20. Qc6 Qb5 21. Qf3 Qxb2 22. Bxc7 Rf8 23. Ba5 f5 24. Bb4 Rfe8 25. Qd5+ Kh8 26. Rae1 Rg8 27. Re7 a5 28. Bxa5 Rae8 29. Rxe8 Rxe8 30.
Qb3 Qe2 31. Rg1 Be5 32. Qf7 Bxh2 33. Qf6+ Kg8 34. Kxh2 Qh5+ 35. Kg3 Qg4+ 36. Kh2 Qh5+ 37. Kg3 Re3+ 38. Kf4 Qh6+ 0-1

[Event "*** Titled Tuesday Blitz AM"]
[Site "Chess.com"]
[Date "2020.01.07"]
[Round "7"]
[White "goldenspine"]
[Black "MikeSailer"]
[Result "1-0"]
[WhiteElo "2320"]
[BlackElo "2108"]
[TimeControl "180+2"]
[EndTime "10:34:50 PST"]
[Termination "goldenspine won on time"]

1. e4 d5 2. exd5 Qxd5 3. Nc3 Qd6 4. d4 Nf6 5. Bc4 c6 6. Nge2 Bg4 7. O-O e6 8. f3 Bf5 9. Bf4 Qd8 10. Qd2 Bd6 11.
Rad1 Bxf4 12. Nxf4 h6 13. Rfe1 O-O 14. Ne4 Nd5 15. Ng3 Bh7 16. c3 Nxf4 17. Qxf4 Nd7 18. Ne4 Qb8 19. Qh4 Nb6 20. Bb3 Nd5 21. Nc5 Qc7 22. Nd3 a5 23. a4 Rad8 24. Ne5 Nf6 25. Qg3 Nd5 26. Nc4 Qxg3 27. hxg3 Ra8 28. g4 b5 29. Ne5 Rfc8 30. axb5 cxb5 31. Bxd5 exd5 32. Nd7 Rd8 33. Re7 b4 34. Rde1 Bd3 35. R1e5 bxc3 36. bxc3 Bc4 37. Nb6 Rab8 38. Nxc4 dxc4 39. Rxa5 Rb3 40.
Raa7 Rf8 41. d5 Rxc3 42. d6 Rd3 43. d7 g6 44. Rc7 Kg7 45. Rxc4 Rd8 46. Rf4 1-0

[Event "*** Titled Tuesday Blitz AM"]
[Site "Chess.com"]
[Date "2020.01.07"]
[Round "7"]
[White "Oligan22"]
[Black "bhavesh1810"]
[Result "0-1"]
[WhiteElo "2451"]
[BlackElo "2051"]
[TimeControl "180+2"]
[EndTime "10:34:51 PST"]
[Termination "bhavesh1810 won by resignation"]

1. e4 c5 2. Ne2 Nc6 3. Nbc3 d6 4. h3 g6 5. g4 h5 6. g5 Bg7 7. Bg2 e6 8. d3 Nge7 9. f4 Qc7 10. Be3 Bd7 11. Qd2 a6 12. a4 O-O-O 13. Nc1 Nd4 14. Rb1 Bc6 15. b4 cxb4 16. Rxb4 e5 17. Bxd4 exd4 18.
Nb5 axb5 19. axb5 Bd5 20. exd5 Qb6 21. Nb3 Nf5 22. O-O Ne3 23. Ra1 Kd7 24. Be4 Ra8 25. Rba4 Rxa4 26. Rxa4 Rc8 27. Ra2 Qxb5 28. Qf2 Ke7 29.
f5 gxf5 30. Bxf5 Rb8 31. Be4 Be5 32. Qf3 Qb4 33. Kf2 Rc8 34. Qe2 h4 35. Bf3 Bg3+ 36.
Kg1 Be5 37. Bg4 Qc3 38. Bxc8 Qxc8 39. Qf3 Nxc2 40. Qg4 Qc3 41. Na5 Qe1+ 42. Kg2 Ne3+ 43.
Kf3 Nxg4 44. Kxg4 Qg3+ 45. Kh5 Bf4 46. Nc6+ bxc6 47. Ra7+ Kf8 48. Ra8+ Kg7 0-1

[Event "*** Titled Tuesday Blitz AM"]
[Site "Chess.com"]
[Date "2020.01.07"]
[Round "7"]
[White "GeorgMeier"]
[Black "1stSecond"]
[Result "1-0"]
[WhiteElo "2968"]
[BlackElo "2820"]
[TimeControl "180+2"]
[EndTime "10:34:54 PST"]
[Termination "GeorgMeier won by resignation"]

1. Nf3 d5 2. g3 Nc6 3. d4 Bf5 4. Bg2 Nb4 5. Na3 e6 6. O-O c6 7. c3 Na6 8. Qb3 Qb6 9. Nh4 Bg6 10. Nxg6 hxg6 11. e4 Nf6 12. exd5 Qxb3 13. axb3 exd5 14.
Bf4 Kd7 15. Rfe1 Nc7 16. Bxc7 Kxc7 17. b4 a6 18. b5 Bxa3 19. Rxa3 axb5 20. Re7+ Kb6 21.
Rxf7 Rxa3 22. bxa3 Ra8 23. Rxg7 Rxa3 24. Rxg6 Ra1+ 25.
Bf1 Ne4 26. h4 Nxc3 27. h5 Ne2+ 28. Kg2 Nxd4 29. h6 Ra8 30. Bd3 Rh8 31. g4 Kc7 32.
Rg7+ Kd6 33. h7 Ne6 34. Rg8 Rxh7 35. Bxh7 c5 36. Kg3 c4 37. f4 c3 38. f5 c2 39.
fxe6 c1=Q 40. Bf5 Qg1+ 41. Kh4 Qe3 42. Kh5 d4 43. Kg6 Qe5 44. Kf7 b4 45. Rd8+ Kc7 46.
e7 d3 47. e8=Q Qxe8+ 48. Kxe8 d2 49. Rd7+ Kc6 50. Rxd2 1-0

[Event "*** Titled Tuesday Blitz AM"]
[Site "Chess.com"]
[Date "2020.01.07"]
[Round "7"]
[White "Last7Samurai"]
[Black "DanielNaroditsky"]
[Result "0-1"]
[WhiteElo "2823"]
[BlackElo "3081"]
[TimeControl "180+2"]
[EndTime "10:34:58 PST"]
[Termination "DanielNaroditsky won by resignation"]

1. d4 Nf6 2. Bg5 Ne4 3. h4 d5 4. Nd2 Nf6 5. e3 c5 6. c3 Nbd7 7.
Ngf3 e6 8. Bd3 Bd6 9. e4 dxe4 10. Nxe4 Be7 11. Bxf6 gxf6 12. Qe2 Qc7 13. O-O-O cxd4 14. Nxd4 a6 15. Kb1 Ne5 16. Bc2 Bd7 17. f4 Nc6 18. f5 O-O-O 19. fxe6 fxe6 20. Bb3 Nxd4 21. Rxd4 Kb8 22.
Rhd1 Bc8 23. Rxd8 Rxd8 24. Rxd8 Qxd8 25. Nd2 Qb6 26. Nf3 e5 27. Bc2 h5 28. Bd3 Bg4 29. Kc2 Qa5 30. Kb1 Bd6 31. Qe3 f5 32. Qh6 Qd8 33. Bc2 Bc7 34. a4 Qe7 35. Ng5 e4 36. Ne6 Bb6 37. Nf4 Qd8 38. Qg7 e3 39. Qe5+ Qc7 40. Qe8+ Ka7 41. Nd5 Qc6 42. Qe5 Qxd5 43. Qxd5 e2 44. Qe5 Bf2 45. Qxe2 Bxe2 46. Bxf5 Bxh4 0-1

[Event "*** Titled Tuesday Blitz AM"]
[Site "Chess.com"]
[Date "2020.01.07"]
[Round "7"]
[White "MixMasterChess"]
[Black "FearlessKing64"]
[Result "0-1"]
[WhiteElo "2131"]
[BlackElo "2350"]
[TimeControl "180+2"]
[EndTime "10:34:59 PST"]
[Termination "FearlessKing64 won by resignation"]

1. Nf3 Nf6 2. c4 c5 3. Nc3 d5 4. cxd5 Nxd5 5. e4 Nb4 6. Bc4 Nd3+ 7. Ke2 Nf4+ 8. Kf1 Ne6 9. b4 cxb4 10. Ne2 Nc7 11. d4 e6 12. h4 Be7 13. Bb2 b5 14. Bd3 a5 15. Ne5 Bb7 16. h5 h6 17. Rc1 Nd7 18. Nf3 Nf6 19. Ng3 Rc8 20. Qe2 O-O 21. Kg1 a4 22. Kh2 a3 23. Ba1 b3 24. axb3 b4 25.
Ne5 Nd7 26. Nc6 Bxc6 27. Rxc6 e5 28. dxe5 Nc5 29. Bc4 N7e6 30. Rxc8 Qxc8 31. Nf5 Bg5 32. Qe1 Qc6 33. f3 Rd8 34. Qxb4 a2 35. Re1 Bf4+ 36. g3 Bg5 37. f4 Nxf4 38. gxf4 Bxf4+ 39. Kh3 Re8 40. Bxf7+ Kxf7 41. Nd6+ Ke7 42. Nxe8 Kxe8 43. Kg4 Qe6+ 44.
Kxf4 Nd3+ 0-1

[Event "*** Titled Tuesday Blitz AM"]
[Site "Chess.com"]
[Date "2020.01.07"]
[Round "7"]
[White "IMRosen"]
[Black "GMKrikor"]
[Result "0-1"]
[WhiteElo "2573"]
[BlackElo "2866"]
[TimeControl "180+2"]
[EndTime "10:35:01 PST"]
[Termination "GMKrikor won by checkmate"]

1. c4 c5 2. Nf3 Nc6 3. Nc3 g6 4. e3 Nf6 5. d4 cxd4 6. exd4 d5 7. cxd5 Nxd5 8. Bc4 Nb6 9. Bb3 Bg7 10. Be3 O-O 11.
h3 Na5 12. O-O Nxb3 13. axb3 Be6 14. Ng5 Bd5 15. Ra5 Bc6 16. Qa1 a6 17. Rd1 Nd5 18.
Nge4 Nxe3 19. fxe3 Qc7 20. Rf1 Rad8 21. b4 Kh8 22.
Qe1 Qb6 23. b5 axb5 24. Ra1 b4 25. Na4 Bxa4 26. Rxa4 Qc6 27. Nc5 b6 28. Ra6 Qb5 29. Ra7 bxc5 30. Rxe7 cxd4 31. exd4 Qd5 32. Kh1 Rd7 33.
Re8 Rd8 34. Re7 Qxd4 35. Rfxf7 Rxf7 36. Rxf7 Qd1 37. Qxd1 Rxd1+ 38. Kh2 Be5+ 39. g3 Rd2+ 40. Kh1 Bxb2 41. Rb7 Bc3 42. h4 h5 43. Kg1 Rb2 44. Kh1 b3 45. Kg1 Rb1+ 46. Kg2 b2 47. g4 Rc1 48. gxh5 gxh5 49. Rf7 b1=Q 50. Rf2 Rg1+ 51.
Kh3 Qd3+ 52. Kh2 Qg3# 0-1

[Event "*** Titled Tuesday Blitz AM"]
[Site "Chess.com"]
[Date "2020.01.07"]
[Round "7"]
[White "Sashadav97"]
[Black "Gabrielian_Artur"]
[Result "1/2-1/2"]
[WhiteElo "2564"]
[BlackElo "2802"]
[TimeControl "180+2"]
[EndTime "10:35:01 PST"]
[Termination "Game drawn by agreement"]

1. d4 Nf6 2. c4 e6 3. Nc3 c5 4. d5 exd5 5. cxd5 d6 6. e4 g6 7. Nge2 Bg7 8. Ng3 h5 9. Be2 a6 10. a4 Nbd7 11. O-O h4 12. Nh1 O-O 13. h3 Nh7 14. Be3 f5 15. exf5 gxf5 16. f4 Ndf6 17. Bf2 Ne4 18. Nxe4 fxe4 19. Rb1 Rxf4 20. Be3 Rxf1+ 21.
Bxf1 a5 22. Nf2 Bf5 23. Be2 Qe7 24. Qd2 b6 25. Rf1 Rf8 26. Ng4 Bxg4 27. Rxf8+ Nxf8 28. Bxg4 Qe5 29. b3 Qa1+ 30. Qd1 Qxd1+ 31. Bxd1 Ng6 32. Bc2 Ne5 33. Bxe4 c4 34. bxc4 Nxc4 35. Bf2 Kf7 36. Bd3 Ne5 37. Bb5 Ng6 38. Bxb6 Bc3 39. Kf2 Kf6 40.
Kf3 Ke5 41. Bc6 Bb4 42. Bd8 Kf5 43. Bd7+ Ke5 44. Be6 Be1 45. Bg5 Bb4 46. Bf7 Kf5 47. Bxg6+ Kxg5 48. Bf7 Kf6 49. Be6 Be1 50. Kg4 Bg3 51.
Kh5 Ke5 52. Kg6 Kd4 53. Kf7 Ke3 54. Ke7 Kf2 55. Kd7 Kxg2 56. Kc6 Kf3 57. Kb6 Be1 1/2-1/2

[Event "*** Titled Tuesday Blitz AM"]
[Site "Chess.com"]
[Date "2020.01.07"]
[Round "7"]
[White "IwkooO"]
[Black "Megagigahiper3345"]
[Result "0-1"]
[WhiteElo "2553"]
[BlackElo "2450"]
[TimeControl "180+2"]
[EndTime "10:35:08 PST"]
[Termination "Megagigahiper3345 won by checkmate"]

1. c4 f5 2. d4 e6 3. Nc3 Nf6 4. Bg5 Bb4 5. Nf3 Bxc3+ 6. bxc3 O-O 7. e3 d6 8. Bd3 Qe7 9. O-O e5 10. c5 e4 11. Bc4+ Kh8 12. cxd6 cxd6 13. Nd2 Be6 14.
Qb3 Bxc4 15. Nxc4 Nc6 16. Rab1 Nd8 17. Bf4 Ne8 18. Qa3 Nf7 19. Nb6 Rd8 20. Qxa7 g5 21. Bg3 h5 22. h3 Nh6 23. Nd5 Qe6 24. Qxb7 Rf7 25. Qb3 h4 26. Bh2 Qg6 27. f4 g4 28.
hxg4 Nxg4 29. Rb2 Nxh2 30. Kxh2 Qg3+ 31. Kh1 Rh7 32. Qd1 h3 33. Kg1 Rdd7 34. Qe1 Qg4 35.
g3 h2+ 36. Kh1 Rdg7 37. Rg2 Rh3 38. c4 Ra7 39. Qb4 Rxg3 40. Rxh2+ Rh7 41. Rxh7+ Kxh7 42. Qb7+ Kh6 43. Rf2 Rg1+ 44. Kh2 Qg3# 0-1

[Event "*** Titled Tuesday Blitz AM"]
[Site "Chess.com"]
[Date "2020.01.07"]
[Round "7"]
[White "farzadbfd"]
[Black "CarlosAlbornoz"]
[Result "0-1"]
[WhiteElo "2607"]
[BlackElo "2757"]
[TimeControl "180+2"]
[EndTime "10:35:12 PST"]
[Termination "CarlosAlbornoz won by resignation"]

1. Nf3 Nf6 2. b3 g6 3. Bb2 Bg7 4. g3 d6 5. d4 c5 6. c4 Ne4 7. Bg2 Qa5+ 8. Nbd2 Nc6 9. e3 Bg4 10.
O-O Nxd2 11. Qxd2 Qxd2 12. Nxd2 cxd4 13. Bxc6+ bxc6 14. Bxd4 e5 15. Bc3 h5 16. h4 O-O 17.
f3 Be6 18. Rfd1 d5 19. cxd5 cxd5 20. Bb4 Rfc8 21. Rac1 Bh6 22. Kf2 Bg7 23. Bc3 f5 24. Bb2 Kf7 25. f4 exf4 26. Bxg7 fxg3+ 27. Kxg3 Kxg7 28. Nf3 f4+ 29. exf4 Bg4 30. Rxc8 Rxc8 31. Rd3 Bf5 32. Rxd5 Rc3 33. Kf2 Kf6 34. Ra5 Be4 35.
Ng5 Bc6 36. Rxa7 Kf5 37. Rf7+ Kg4 38. Ke2 Kxh4 39. Kd2 Rg3 40. Rf6 Be8 41. Ne6 Kh3 42.
Ng7 Bd7 43. f5 gxf5 44. Nxh5 Rg2+ 45. Kc3 Kh4 46. Nf4 Rg3+ 47. Kb2 Kg5 48. Nd5 Rg2+ 49. Ka3 Rd2 50. Rd6 Be8 51. Rd8 Bf7 52. Rd7 Bxd5 53. Rg7+ Kf6 54. Rg1 f4 55. Rf1 f3 56.
Kb4 f2 57. Kc5 Bg2 0-1

[Event "*** Titled Tuesday Blitz AM"]
[Site "Chess.com"]
[Date "2020.01.07"]
[Round "7"]
[White "temus_galaktionov"]
[Black "KhazarBabazada"]
[Result "1/2-1/2"]
[WhiteElo "2754"]
[BlackElo "2906"]
[TimeControl "180+2"]
[EndTime "10:35:15 PST"]
[Termination "Game drawn by repetition"]

1. d4 Nf6 2. Nf3 g6 3. c4 Bg7 4. Nc3 d5 5. cxd5 Nxd5 6. e4 Nxc3 7. bxc3 c5 8. Be3 O-O 9. Qd2 Qa5 10. Rc1 Bg4 11. d5 Nd7 12. c4 Qa3 13. Be2 Rfd8 14. O-O b6 15. h3 Bxf3 16. Bxf3 Ne5 17. Be2 Nc6 18. Bd3 Nb4 19. Bc2 Qxa2 20. Bg5 Re8 21. Bd1 e6 22. Qxa2 Nxa2 23. Rc2 Nb4 24. Rc1 exd5 25.
exd5 Bd4 26. Ba4 Re2 27. Rcd1 a5 28. d6 f6 29. Bf4 Na2 30. Bc6 Rd8 31. d7 Nc3 32.
Rd3 Re7 33. Kh1 Rexd7 34. Bxd7 Rxd7 35. Be3 Ne4 36. Rb1 Rd6 37. Rdb3 Bxe3 38. fxe3 Kg7 39. Rxb6 Rd3 40. R6b3 Rd2 41. Ra3 h5 42. Rxa5 g5 43.
Ra7+ Kg6 44. Re7 Ng3+ 45. Kh2 Nf5 46. Re6 Nh4 47. Rf1 Rxg2+ 48. Kh1 Rg3 49. Rexf6+ Kg7 50. Rf7+ Kg8 51. Rf8+ Kh7 52. R8f7+ Kg8 53. Rf8+ Kg7 54. R8f7+ Kg8 1/2-1/2

[Event "*** Titled Tuesday Blitz AM"]
[Site "Chess.com"]
[Date "2020.01.07"]
[Round "7"]
[White "M1711"]
[Black "WelshTiger"]
[Result "1-0"]
[WhiteElo "2535"]
[BlackElo "2381"]
[TimeControl "180+2"]
[EndTime "10:35:16 PST"]
[Termination "M1711 won by resignation"]

1. e4 c5 2. Nf3 d6 3. Bb5+ Bd7 4. Bxd7+ Qxd7 5. c4 g6 6. d4 cxd4 7. Nxd4 Bg7 8. Be3 Nf6 9. f3 O-O 10. Nc3 Nc6 11. Qd2 Qd8 12. O-O Qa5 13. a3 Rfc8 14. b4 Qd8 15. Nd5 Nxd4 16. Bxd4 Rxc4 17. Nxf6+ Bxf6 18. Bxf6 exf6 19. Rfd1 Qb6+ 20. Kh1 Rd8 21. h3 Kg7 22.
Rac1 Rc6 23. Kh2 Rdc8 24. Rxc6 Rxc6 25. Qd5 a6 26. h4 Qe3 27. Qd2 Qxa3 28. h5 g5 29. f4 Qc3 30. Qd5 gxf4 31. Rd3 Qe5 32. Qa2 f3+ 33. Kh3 Qxh5+ 34. Kg3 fxg2 35. Kxg2 Qg5+ 36.
Rg3 h6 37. Rxg5+ hxg5 38. Qd5 Rb6 39. Qd4 Rc6 40. Kf3 Kg6 41. Kg4 b5 42. Qd5 Rc4 43. Kf3 Kg7 44. Qxd6 Kg6 45. Qxa6 Rxb4 46. Qd6 Rc4 47.
Qb8 Rc5 48. Qg8+ Kh6 49. Qf8+ Kg6 50. Qxc5 1-0

[Event "*** Titled Tuesday Blitz AM"]
[Site "Chess.com"]
[Date "2020.01.07"]
[Round "7"]
[White "AdrianPetrisor1992"]
[Black "Anton_Demchenko"]
[Result "0-1"]
[WhiteElo "2638"]
[BlackElo "2978"]
[TimeControl "180+2"]
[EndTime "10:35:19 PST"]
[Termination "Anton_Demchenko won on time"]

1. Nf3 Nf6 2. g3 g6 3. Bg2 Bg7 4. O-O O-O 5. d4 d6 6. b3 a5 7. a3 b6 8. Bb2 Bb7 9. c4 Ne4 10. Qc2 Qc8 11. d5 Nf6 12. Nbd2 e5 13. dxe6 fxe6 14. b4 Nc6 15. b5 Nd8 16. Rad1 Nf7 17.
Nd4 Bxg2 18. Kxg2 Qd7 19. Ne4 e5 20. Nc6 Rae8 21. Nxf6+ Bxf6 22. f4 Qe6 23. f5 gxf5 24. Qxf5 Ng5 25. Qxe6+ Nxe6 26. h4 Bg7 27. Rxf8+ Bxf8 28.
Kf3 Nc5 29. Bc1 Bg7 30. Be3 Nd7 31. g4 Kf7 32. g5 Ke6 33. Ke4 Rf8 34. h5 h6 35.
gxh6 Nf6+ 36. Kd3 Bh8 37. Rf1 Rg8 38. Rg1 Rxg1 39. Bxg1 Nxh5 40. Be3 Nf6 41. a4 Nd7 42. Nd8+ Kf6 43. Ke4 Ke7 44. Bg5+ Bf6 45. Nc6+ Ke6 46. h7 Nc5+ 47. Kf3 Bg7 0-1